 Dungeon Crawl Stone Soup version 0.23.2-40-g277498a001 (webtiles) character file.

Game seed: 18256059885774990354

543 vorber the Basher (level 7, -1/60 HPs)
             Began as a Minotaur Berserker on Aug 20, 2019.
             Was a Believer of Trog.
             Slain by a gnoll sergeant
             ... wielding a +0 spear
              (7 damage)
             ... on level 5 of the Dungeon.
             The game lasted 00:13:22 (3712 turns).

vorber the Basher (Minotaur Berserker)              Turns: 3712, Time: 00:13:23

Health: -1/60      AC:  6    Str: 21    XL:     7   Next: 6%
Magic:  6/6        EV: 11    Int:  4    God:    Trog [**....]
Gold:   116        SH:  0    Dex: 12    Spells: 6/6 levels left

rFire    . . .     SeeInvis .   a - +0 mace
rCold    . . .     Gourm    .   (no shield)
rNeg     . . .     Faith    .   m - +0 ring mail
rPois    .         Spirit   .   (helmet restricted)
rElec    .         Reflect  .   (no cloak)
rCorr    .         Harm     .   (no gloves)
MR       .....                  h - +0 pair of boots
Stlth    +.........             (no amulet)
HPRegen  0.20/turn              (no ring)
MPRegen  0.10/turn              (no ring)

@: berserk cooldown, slowed, very slow
A: retaliatory headbutt, horns 2
a: Berserk, Trog's Hand, Renounce Religion


You were on level 5 of the Dungeon.
You worshipped Trog.
Trog was pleased with you.
You were not hungry.

You visited 2 branches of the dungeon, and saw 6 of its levels.

You collected 116 gold pieces.

Inventory:

Hand Weapons
 a - a +0 mace (weapon)
Armour
 b - a +0 animal skin
 h - a +0 pair of boots (worn)
 m - a +0 ring mail (worn)
Jewellery
 e - a +3 ring of strength {unknown}
Scrolls
 d - 3 scrolls of remove curse {unknown}
 f - 4 scrolls of teleportation {unknown}
 g - 5 scrolls of identify {unknown}
 j - a scroll of noise {unknown}
 k - 3 scrolls of amnesia {unknown}
 s - a scroll of blinking {unknown}
Potions
 i - a potion of resistance {unknown}
 n - 2 potions of haste {unknown}
 o - a potion of mutation {unknown}
 p - a potion of flight {unknown}
 q - a potion of lignification {unknown}
 r - a potion of heal wounds {unknown}
Comestibles
 c - 10 rations
 l - 2 chunks of flesh


   Skills:
 - Level 4.5 Fighting
 + Level 9.2 Maces & Flails
 - Level 2.5 Armour
 - Level 2.2 Dodging
 - Level 0.1 Stealth


You had 6 spell levels left.
You didn't know any spells.
Your spell library was empty.

Dungeon Overview and Level Annotations

Branches:
Dungeon (5/15)             Temple (1/1) D:4

Altars:
Ashenzari
Cheibriados
Dithmenos
Elyvilon
Gozag
Hepliaklqana
Kikubaaqudgha
Nemelex Xobeh
Okawaru
Ru
Sif Muna
Trog
Uskayaw
Vehumet
Wu Jian
Xom
Yredelemnul
The Shining One


Innate Abilities, Weirdness & Mutations

You reflexively headbutt those who attack you in melee.
You have a pair of horns on your head.


Message History

The gnoll sergeant hits you but does no damage.
You sock the gnoll sergeant! You headbutt the gnoll sergeant.
The gnoll sergeant is severely wounded.
The gnoll sergeant hits you with a +0 spear!
* * * LOW HITPOINT WARNING * * *
Your ring mail prevents you from hitting the gnoll sergeant.
Your headbutt misses the gnoll sergeant.
The gnoll sergeant is heavily wounded.
The gnoll sergeant closely misses you. The gnoll hits you with a +0 hand axe.
* * * LOW HITPOINT WARNING * * *
The gnoll sergeant hits you but does no damage.
You closely miss the gnoll sergeant.
The gnoll sergeant is heavily wounded.
The gnoll closely misses you. The gnoll sergeant barely misses you.
You hit the gnoll sergeant.
The gnoll sergeant is severely wounded.
The gnoll hits you with a +0 hand axe!
* * * LOW HITPOINT WARNING * * *
The gnoll sergeant hits you with a +0 spear!
You die...

........>.#
.....#....#
..........#
#..#.#...#
##.#......#
..####..#.#.<#.#
.......#..#..#.#
##).#...#.#
.####.@##.#.#.#
.......gg..#.#.#
.........รท.#.#.#
...#####...#.#.#
...#($?#.....#
...#$$(#.....#
...#$!?#..(..#
#..#####.....#
............#


You could see a gnoll sergeant and a gnoll.

Vanquished Creatures
  A phantom (D:4)
  A centaur (D:5)
  The ghost of Matteus the Sneak, an amateur FeWn of Cheibriados (D:3)
  A howler monkey (D:5)
  2 orc priests (D:4)
  2 bullfrog skeletons (D:5)
  An orc wizard (D:3)
  2 worker ants (D:4)
  An adder (D:3)
  2 oozes (D:4)
  A worm (D:3)
  A dart slug (D:3)
  A leopard gecko (D:1)
  8 orcs
  4 bats
  2 giant cockroaches (D:1)
  6 goblins
  4 hobgoblins
  17 jackals
  3 frilled lizards
  4 kobolds
  6 rats
71 creatures vanquished.

Notes
Turn   | Place    | Note
-------+----------+-------------------------------------------
     0 | D:1      | vorber the Minotaur Berserker began the quest for the Orb.
     0 | D:1      | Reached XP level 1. HP: 19/19 MP: 0/0
   212 | D:1      | Reached skill level 4 in Maces & Flails
   218 | D:1      | Reached XP level 2. HP: 20/27 MP: 1/1
   707 | D:1      | Reached XP level 3. HP: 34/34 MP: 2/2
   746 | D:2      | Found a deep blue altar of Sif Muna.
   995 | D:2      | Reached ** piety under Trog
  1267 | D:3      | Reached skill level 5 in Maces & Flails
  1274 | D:3      | Reached XP level 4. HP: 40/41 MP: 3/3
  1322 | D:3      | Found a hazy altar of Hepliaklqana.
  1322 | D:3      | Found a basalt altar of Yredelemnul.
  1582 | D:3      | Found a sparkling altar of Nemelex Xobeh.
  1639 | D:3      | Found a large runed translucent door.
  1640 | D:3      | Found a large runed translucent door.
  1645 | D:3      | Noticed Matteus's ghost (amateur FeWn)
  1668 | D:3      | HP: 1/41 [Matteus's ghost (7)]
  1671 | D:3      | Killed Matteus's ghost
  1671 | D:3      | Reached skill level 6 in Maces & Flails
  1671 | D:3      | Reached XP level 5. HP: 4/47 MP: 4/4
  2139 | D:3      | You fall through a shaft!
  2411 | D:4      | Reached skill level 7 in Maces & Flails
  2443 | D:4      | Found an opulent altar of Gozag.
  2572 | D:4      | Found an iron altar of Okawaru.
  2572 | D:4      | Noticed a phantom
  2612 | D:4      | Killed a phantom
  2612 | D:4      | Reached XP level 6. HP: 41/53 MP: 5/5
  2651 | D:4      | Found a staircase to the Ecumenical Temple.
  2660 | Temple   | Entered the Ecumenical Temple
  3302 | D:4      | Reached skill level 8 in Maces & Flails
  3658 | D:5      | Entered Level 5 of the Dungeon
  3694 | D:5      | Reached skill level 9 in Maces & Flails
  3694 | D:5      | Reached XP level 7. HP: 36/60 MP: 6/6
  3712 | D:5      | Slain by a gnoll sergeant

Skill      XL: |  1  2  3  4  5  6 |
---------------+-------------------+-----
Maces & Flails | 4 5 6 7 9 |  9.2
Fighting       | 4 |  4.5
Armour         | |  2.5
Dodging        | |  2.2
Stealth        | |  0.1

Action                   |  1- 3 |  4- 6 |  7- 9 || total
-------------------------+-------+-------+-------++-------
Melee: Mace              |    80 |   128 |     7 ||   215
       Headbutt          |     3 |    15 |     3 ||    21
Invok: Berserk           |       |     2 |       ||     2
       Trog's Hand       |       |     1 |       ||     1
  Eat: Chunk             |     1 |     9 |     1 ||    11
Armor: Animal skin       |    17 |       |       ||    17
       Ring mail         |    16 |    57 |     4 ||    77
Dodge: Dodged            |    45 |    60 |     4 ||   109
